 Dungeon Crawl Stone Soup version 0.27-a0-1442-g87b6fcb595 (webtiles) character file.

Game seed: 12821979596960422577

58 sagitran the Stinger (level 3, -5/25 HPs)
             Began as a Demonspawn Venom Mage on July 3, 2021.
             Killed from afar by Ijyb (6 damage)
             ... with a bolt of acid
             ... on level 3 of the Dungeon on July 4, 2021.
             The game lasted 00:11:18 (2539 turns).

sagitran the Stinger (Demonspawn Venom Mage)        Turns: 2539, Time: 00:11:18

Health: -5/25      AC:  2    Str:  9    XL:     3   Next: 75%
Magic:  0/6        EV: 12    Int: 16    God:
Gold:   32         SH:  0    Dex: 15    Spells: 3/6 levels left

rFire    . . .     SeeInvis .   g - +0 whip (freeze)
rCold    . . .     Faith    .   (no shield)
rNeg     . . .     Spirit   .   a - +0 robe
rPois    .         Reflect  .   (no helmet)
rElec    .         Harm     .   (no cloak)
rCorr    +         Rampage  .   (no gloves)
Will     .....                  (no boots)
Stlth    +++.......             (no amulet)
HPRegen  0.08/turn              d - ring of resist corrosion
MPRegen  0.10/turn              (no ring)

@: no status effects
A: claws 1, thin skeletal structure 1
a: no special abilities


You were on level 3 of the Dungeon.
You visited 1 branch of the dungeon, and saw 4 of its levels.

You collected 32 gold pieces.

Inventory:

Hand Weapons
 g - a +0 whip of freezing (weapon)
Armour
 a - a +0 robe (worn)
Jewellery
 d - a ring of resist corrosion (left claw)
Scrolls
 b - a scroll of magic mapping {unknown}
 c - 2 scrolls of noise {unknown}
 f - a scroll of identify {unknown}


   Skills:
 + Level 0.5 Fighting
 + Level 0.5 Maces & Flails
 + Level 2.4 Dodging
 + Level 2.0 Stealth
 + Level 2.4 Spellcasting
 + Level 1.0 Transmutations
 + Level 3.4 Poison Magic


You had 3 spell levels left.
You knew the following spells:

 Your Spells              Type           Power      Damage    Failure   Level
a - Sting                 Tmut/Pois      36%        1d4       8%          1
b - Poisonous Vapours     Pois/Air       14%        N/A       14%         2

Your spell library contained the following spells:

 Spells                   Type           Power      Damage    Failure   Level
 Mephitic Cloud           Conj/Pois/Air  5%         N/A       36%         3
 Olgreb's Toxic Radiance  Pois           13%        N/A       43%         4


Dungeon Overview and Level Annotations

Branches:
Dungeon (4/15)
 Temple: D:4-7

Altars:
Sif Muna
Trog

Annotations:
D:3 Ijyb


Innate Abilities, Weirdness & Mutations

You have sharp fingernails.
You have a somewhat thin skeletal structure. (Dex +2, Stealth+)


Message History

Press: ? - help, Shift-Dir - straight line, f/p - Ijyb
Aim: Ijyb, wielding a +0 dagger, wearing a +0 ring mail and carrying a wand of acid (13) (lightly wounded, poisoned, 64% to hit)
The sting hits Ijyb.
Ijyb looks even sicker.
Ijyb is lightly wounded.
Casting: Sting (safe; 8% risk of failure)
Confirm with . or Enter, or press ? or * to list all spells.
Aiming: Sting (safe; 8% risk of failure)
Press: ? - help, Shift-Dir - straight line, f/p - Ijyb
Aim: Ijyb, wielding a +0 dagger, wearing a +0 ring mail and carrying a wand of acid (13) (lightly wounded, very poisoned, 64% to hit)
The sting misses Ijyb.
Ijyb zaps a wand.
The bolt of acid misses you.
Casting: Sting (safe; 8% risk of failure)
Confirm with . or Enter, or press ? or * to list all spells.
Aiming: Sting (safe; 8% risk of failure)
Press: ? - help, Shift-Dir - straight line, f/p - Ijyb
Aim: Ijyb, wielding a +0 dagger, wearing a +0 ring mail and carrying a wand of acid (12) (lightly wounded, very poisoned, 64% to hit)
The sting hits Ijyb.
Ijyb looks even sicker.
Ijyb is moderately wounded.
Casting: Sting (safe; 8% risk of failure)
Confirm with . or Enter, or press ? or * to list all spells.
Aiming: Poisonous Vapours (safe; 14% risk of failure)
Press: ? - help, Dir - move target, f/p - Ijyb
Aim: Ijyb, wielding a +0 dagger, wearing a +0 ring mail and carrying a wand of acid (12) (black smoke, moderately wounded, very poisoned) Poisonous vapours surround Ijyb!
Ijyb looks as sick as possible!
Ijyb hits you with a +0 dagger.
You aren't carrying any potions.
You completely miss Ijyb.
Ijyb is moderately wounded.
Ijyb drinks a potion.
Ijyb seems to grow stronger.
You closely miss Ijyb.
Ijyb is heavily wounded.
Ijyb zaps a wand.
The bolt of acid hits you! You resist.
* * * LOW HITPOINT WARNING * * *
You are splashed with acid.
You resist.
* * * LOW HITPOINT WARNING * * *
You aren't carrying any potions.
Okay, then.
You hit Ijyb but do no damage.
Ijyb is heavily wounded.
Ijyb zaps a wand.
The bolt of acid hits you. You resist.
You die...

§≈≈§# .≈§≈# §...+ #
.≈≈≈# .# .§≈≈# #####.
.≈≈ .... ##g###.## #..
#@......#
########.######.####..#
................####..
#..>..............
#..†.......)......
#.........†....#..#..#
#.[#.#..######.##.#..#
#. #.#..# #.##.#..# #
#.#..# #.##....


You could see Ijyb (strong, very poisoned).

Vanquished Creatures
  6 endoplasms
  2 giant cockroaches
  4 goblins
  5 hobgoblins (D:1)
  8 jackals (D:1)
  3 quokkas
  5 ball pythons (D:1)
  9 bats
  3 frilled lizards
  3 kobolds
  6 rats
54 creatures vanquished.

Vanquished Creatures (others)
  24 plants (D:1)
24 creatures vanquished.

Grand Total: 78 creatures vanquished

Notes
Turn   | Place    | Note
-------+----------+-------------------------------------------
     0 | D:1      | sagitran the Demonspawn Venom Mage began the quest for the
                  | Orb.
     0 | D:1      | Reached XP level 1. HP: 13/13 MP: 3/3
   520 | D:1      | Gained mutation: You have a somewhat thin skeletal
                  | structure. (Dex +2, Stealth+) [demonic ancestry]
   520 | D:1      | Reached XP level 2. HP: 19/19 MP: 5/5
   530 | D:1      | Reached skill level 1 in Transmutations
   647 | D:1      | Upgraded the game from 0.27-a0-1434-g6f15984924 to
                  | 0.27-a0-1442-g87b6fcb595
   650 | D:1      | Learned a level 2 spell: Poisonous Vapours
  1051 | D:2      | Found a shimmering blue altar of Sif Muna.
  1113 | D:1      | Gained mutation: You have sharp fingernails. [demonic
                  | ancestry]
  1113 | D:1      | Reached XP level 3. HP: 10/24 MP: 3/6
  1967 | D:1      | HP: 1/24 [jackal (1)]
  1981 | D:2      | HP: 1/24 [bat (1)]
  2531 | D:3      | Found a bloodstained altar of Trog.
  2531 | D:3      | Noticed Ijyb
  2538 | D:3      | HP: 1/25 [acid (5)]
  2539 | D:3      | Killed from afar by Ijyb

Illustrated notes

Levels and vault maps discovered:
D:1:      dpeg_arrival_rooms_with_view, layout_rooms, serial_bayou_lagoon_a
D:2:      layout_basic, hellmonk_ecumenical_altar_zigzags, serial_corexii_hall,
          corexii_hall_statues_l, corexii_hall_statues_i, basic_altar,
          grunt_decor_arrowhead
D:3:      layout_basic, nrook_mini_backslash, kennysheep_flooded_box,
          uniq_crazy_yiuf_cottage, uniq_ijyb
D:4:      layout_basic

Skill      XL: |  1  2  3 |
---------------+----------+-----
Dodging        | 2 |  2.4
Transmutations | 1 |  1.0
Stealth        | 2 |  2.0
Fighting       | |  0.5
Maces & Flails | |  0.5
Spellcasting   | |  2.4
Poison Magic   | |  3.4

Action                   || total
-------------------------++-------
Melee: Whip              ||   144
       Mace              ||     7
 Cast: Sting             ||    23
       Poisonous Vapours ||    11
  Use: Potion            ||     1
 Stab: Sleeping          ||     6
Armor: Robe              ||    60
Dodge: Dodged            ||   168

Table legend: (Time is in decaauts)
 A = Elapsed time spent in this place.
 B = Non-inter-level travel time spent in this place.
 C = Inter-level travel time spent in this place.
 D = Time resting spent in this place.
 E = Time spent auto-exploring this place.
 F = Levels seen in this place.
 G = Mean time per level.
                   A        B        C        D        E       F      G
               +--------+--------+--------+--------+--------+-----+--------+
         Total |   2575 |   2532 |     43 |   1433 |    215 |   4 |  643.8 |
       Dungeon |   2575 |   2532 |     43 |   1433 |    215 |   4 |  643.8 |
               +--------+--------+--------+--------+--------+-----+--------+

Top non-repeatable levels by time:
     D:1: 1958 daAuts
     D:2: 371 daAuts
     D:3: 179 daAuts
     D:4: 66 daAuts
